 Dungeon Crawl Stone Soup version 0.29.1-2-gbd0b4ee654 (webtiles) character file.

Game seed: 2101212034914576948

513 qeuew the Magician (level 7, -2/47 HPs)
             Began as a Djinni Hedge Wizard on Nov 3, 2022.
             Slain by an orc
             ... wielding a +0 short sword
              (5 damage)
             ... on level 4 of the Dungeon.
             The game lasted 00:12:29 (5518 turns).

qeuew the Magician (Djinni Hedge Wizard)            Turns: 5518, Time: 00:12:30

Health: -2/47      AC:  6    Str:  9    XL:     7   Next: 43%
Gold:   161        EV: 11    Int: 15    God:
                   SH:  0    Dex: 15

rFire   + + .      SeeInvis .   k - +0 long sword
rCold   x . .      Faith    .   j - orb {light}
rNeg    . . .      Spirit   .   n - +0 ring mail
rPois   ∞          Reflect  .   c - +0 hat
rElec   .          Harm     .   (no cloak)
rCorr   .          Rampage  .   f - +0 pair of gloves
Will    .....                   (boots unavailable)
Stlth   +.........              (no amulet)
HPRegen 0.15/turn               (no ring)
MPRegen 0.00/turn               (no ring)

@: flying, glowing
A: sickness immunity, fire resistance 2, cold vulnerability 1, float, innate
caster, HP casting, extra vitality 1
a: no special abilities


You were on level 4 of the Dungeon.
You visited 1 branch of the dungeon, and saw 4 of its levels.

You collected 161 gold pieces.

Inventory:

Hand Weapons
 k - a +0 long sword (weapon)
Armour
 c - a +0 hat (worn)
 f - a +0 pair of gloves (worn)
 j - an orb of light (worn)
 n - a +0 ring mail (worn)
Wands
 a - a wand of flame (41)
 i - a wand of iceblast (3)
Scrolls
 e - 3 scrolls of teleportation
 g - 2 scrolls of identify
 h - a scroll of fog
 l - a scroll of amnesia {unknown}
Potions
 m - a potion of flight {unknown}


   Skills:
 * Level 1.2 Fighting
 * Level 1.1 Long Blades
 * Level 0.2 Armour
 * Level 4.2 Dodging
 - Level 1.5 Stealth
 + Level 5.2 Spellcasting


You couldn't memorise any spells.
You knew the following spells:

 Your Spells              Type           Power      Damage    Failure   Level
a - Magic Dart            Conj           76%        1d6       4%          1
b - Blink                 Tloc           38%        N/A       8%          2
c - Call Imp              Summ           19%        N/A       8%          2
d - Slow                  Hex            76%        N/A       4%          1
e - Conjure Flame         Conj/Fire      19%        6-21      16%         3
f - Mephitic Cloud        Conj/Pois/Air  19%        N/A       16%         3
g - Necrotise             Necr           76%        1d7       4%          1
h - Scorch                Fire           38%        2d7       8%          2
i - Confusing Touch       Hex            19%        N/A       16%         3
Your spell library was empty.

Dungeon Overview and Level Annotations

Branches:
Dungeon (4/15)
 Temple: D:4-7

Altars:
Ashenzari
Zin

Shops:
D:3 =?[


Innate Abilities, Weirdness & Mutations

You are immune to sickness and miasma.
You are immune to poison.
Your flesh is very heat resistant. (rF++)
You are vulnerable to cold. (rC-)
You float through the air rather than walking.
You learn spells naturally, not from books.
Your magical power is your life essence.
You have superior vitality. (+4 MHP)


Message History

The orc hits you but does no damage. x2; Your crimson imp hits the orc priest.
The orc priest hits your crimson imp with a +0 mace.
The orc hits you with a +0 morningstar!
Your crimson imp barely misses the orc priest.
The orc hits you with a +2 vorpal hand axe.
The orc closely misses you. The orc hits you but does no damage.
The orc priest barely misses your crimson imp.
Things that are here:
a +0 dagger; a +3 leather armour; an orc corpse You hit the orc priest.
The orc priest is almost dead.
Your crimson imp closely misses the orc priest.
The orc hits you with a +2 vorpal hand axe.
* * * LOW HITPOINT WARNING * * *
x2 The orc hits you with a +0 morningstar!
* * * LOW HITPOINT WARNING * * *
The orc barely misses you.
The orc priest mumbles some strange prayers to Beogh against you.
You struggle to resist.
Okay, then.
Blink to where?
Press: ? - help, Dir - move target
As you read the scroll of blinking, it crumbles to dust.
Your crimson imp hits the orc priest.
The orc priest invokes the aid of Beogh against you.
You struggle to resist.
Unknown command.
Your crimson imp closely misses the orc priest.
The orc barely misses your crimson imp. The orc barely misses you.
The orc priest closely misses you.
You slash the orc priest!
You kill the orc priest!
Your crimson imp closely misses the orc.
Okay, then.
Your crimson imp hits the orc but does no damage.
The orc hits your crimson imp with a +0 morningstar!
Your crimson imp dies!
Your crimson imp disappears in a puff of smoke!
The orc hits you with a +0 short sword.
You die...

##..#
#.....................##.
#...#
##..................###
....###...................#
...........................
...........................
#####...###.............
#...#....#..^.......
##.......#§.......#
#..####..o)o@.....#
#..###......o......#
##.......#..........#
###.#..##..........# #....
#..>........ #....
............
...................
.#..##....(........


You could see 3 orcs.

Vanquished Creatures
  Menkaure (D:4)
  A bullfrog (D:4)
  An orc priest (D:4)
  A hound (D:3)
  Natasha (thrice) (D:3)
  2 gnolls (D:3)
  7 adders
  3 worms
  3 dart slugs
  3 orcs
  12 ball pythons
  5 bats
  6 endoplasms
  7 giant cockroaches
  8 hobgoblins
  4 jackals (D:4)
  4 quokkas
  8 goblins
  5 kobolds
  4 rats (D:3)
88 creatures vanquished.

Vanquished Creatures (collateral kills)
  A gnoll (D:3)
  A kobold (D:1)
2 creatures vanquished.

Grand Total: 90 creatures vanquished

Notes
Turn   | Place    | Note
-------+----------+-------------------------------------------
     0 | D:1      | qeuew the Djinni Hedge Wizard began the quest for the Orb.
     0 | D:1      | qeuew set off with the following spells memorised: Magic
                  | Dart, Blink, Call Imp, Slow, Conjure Flame, Mephitic Cloud.
     0 | D:1      | Reached XP level 1. HP: 15/15 MP: 0/0
   210 | D:1      | Reached XP level 2. HP: 6/21 MP: 0/0
   460 | D:1      | Found a faded altar of an unknown god.
   675 | D:1      | Reached skill level 3 in Spellcasting
   822 | D:1      | Reached XP level 3. HP: 20/25 MP: 0/0
   822 | D:1      | Learned a level 1 spell: Necrotise
   996 | D:1      | You are sucked into a shaft and drop 1 floor!
  1124 | D:2      | Found a broken altar of Ashenzari.
  1972 | D:1      | Reached XP level 4. HP: 26/31 MP: 0/0
  3081 | D:3      | Reached XP level 5. HP: 18/35 MP: 0/0
  3081 | D:3      | Learned a level 2 spell: Scorch
  3243 | D:3      | Reached skill level 4 in Spellcasting
  3374 | D:3      | Noticed Natasha
  3377 | D:3      | Killed Natasha
  3651 | D:3      | Found Xeusm's Antique Armour Shoppe.
  3847 | D:3      | Found Zuriugu's Jewellery Boutique.
  3937 | D:3      | Reached XP level 6. HP: 8/40 MP: 0/0
  4034 | D:3      | Noticed Natasha
  4042 | D:3      | Killed Natasha
  4337 | D:3      | Found Enase's Magic Scroll Shoppe.
  4339 | D:3      | Noticed Natasha
  4344 | D:3      | Killed Natasha
  4610 | D:3      | Found a broken altar of Ashenzari.
  4610 | D:3      | Found a glowing silver altar of Zin.
  4726 | D:4      | Noticed Menkaure
  4739 | D:4      | Killed Menkaure
  4740 | D:4      | Reached skill level 5 in Spellcasting
  4740 | D:4      | Reached XP level 7. HP: 13/46 MP: 0/0
  4740 | D:4      | Learned a level 3 spell: Confusing Touch
  5001 | D:4      | Reached skill level 1 in Fighting
  5073 | D:4      | Reached skill level 1 in Long Blades
  5518 | D:4      | Slain by an orc

Illustrated notes

Levels and vault maps discovered:
D:1:      dpeg_arrival_signposts, layout_loops_ring,
          shapermc_ecumenical_altar_starsandcircs
D:2:      layout_loops_ring, basic_altar, minmay_distorted
D:3:      layout_loops_ring, gammafunk_temple_overflow_wave, serial_shops,
          shop_scrolls, nicolae_square_shop, shop, minmay_misc_feat_columns,
          small_statue_intersection, minmay_ruptured, uniq_natasha
D:4:      layout_cave_pools, grunt_ministairs_4, uniq_ijyb, uniq_menkaure

Skill      XL: |  1  2  3  4  5  6  7 |
---------------+----------------------+-----
Spellcasting   | 3 4 5 |  5.2
Dodging        | 3 4 |  4.2
Fighting       | 1 |  1.2
Long Blades    | 1 |  1.1
Armour         | |  0.2
Stealth        | |  1.5

Action                   |  1- 3 |  4- 6 |  7- 9 || total
-------------------------+-------+-------+-------++-------
Melee: Dagger            |     6 |     1 |       ||     7
       Long sword        |       |     3 |     5 ||     8
 Cast: Magic Dart        |    77 |    64 |    55 ||   196
       Call Imp          |     2 |     2 |     1 ||     5
       Scorch            |       |    36 |       ||    36
       Conjure Flame     |       |     2 |       ||     2
  Use: Scroll            |       |     9 |     1 ||    10
       Potion            |       |     1 |     1 ||     2
 Stab: Sleeping          |     1 |       |       ||     1
Armor: Robe              |     3 |     3 |       ||     6
       Ring mail         |       |       |    10 ||    10
Dodge: Dodged            |    22 |    25 |    27 ||    74
